 Dungeon Crawl Stone Soup version 0.27.1 (webtiles) character file.

Game seed: 17814609464344709731

93 Atelerd the Digger (level 4, -12/27 HPs)
             Began as an Octopode Earth Elementalist on Sept 2, 2021.
             Mangled by an ogre (31 damage)
             ... on level 2 of the Dungeon.
             The game lasted 00:02:02 (2827 turns).

Atelerd the Digger (Octopode Earth Elementalist)    Turns: 2827, Time: 00:02:02

Health: -12/27     AC:  1    Str:  7    XL:     4   Next: 61%
Magic:  8/8        EV: 13    Int: 18    God:
Gold:   76         SH:  0    Dex: 12    Spells: 7/8 levels left

rFire    . . .     SeeInvis .   g - +0 short sword
rCold    . . .     Faith    .   (no shield)
rNeg     . . .     Spirit   .   (helmet restricted)
rPois    .         Reflect  .   (no amulet)
rElec    .         Harm     .   (no ring)
rCorr    .         Rampage  .   (no ring)
Will     .....                  (no ring)
Stlth    +++.......             (no ring)
HPRegen  0.09/turn              (no ring)
MPRegen  0.11/turn              (no ring)
                                (no ring)
                                (no ring)

@: no status effects
A: almost no armour, amphibious, 8 rings, camouflage 1, gelatinous body 1,
(nimble swimmer 1), tentacles
a: no special abilities


You were on level 2 of the Dungeon.
You visited 1 branch of the dungeon, and saw 2 of its levels.

You collected 76 gold pieces.

Inventory:

Hand Weapons
 g - a +0 short sword (weapon)
Missiles
 b - 13 stones (quivered)
Scrolls
 c - a scroll of enchant armour {unknown}
 e - 2 scrolls of identify {unknown}
 h - a scroll of vulnerability {unknown}
 i - a scroll of teleportation {unknown}
Potions
 a - a potion of berserk rage {unknown}
 d - a potion of heal wounds {unknown}
 f - a potion of invisibility {unknown}
 j - a potion of degeneration {unknown}
 k - a potion of mutation {unknown}


   Skills:
 - Level 2.0 Dodging
 - Level 2.6 Stealth
 + Level 2.9 Spellcasting
 + Level 2.5 Transmutations
 + Level 3.9 Earth Magic


You had 7 spell levels left.
You knew the following spells:

 Your Spells              Type           Power      Damage    Failure   Level
a - Sandblast             Erth           32%        2d9       3%          1

Your spell library contained the following spells:

 Spells                   Type           Power      Damage    Failure   Level
 Passwall                 Tmut/Erth      11%        N/A       7%          2
 Stone Arrow              Conj/Erth      18%        3d8       22%         3
 Petrify                  Tmut/Erth      14%        N/A       41%         4


Dungeon Overview and Level Annotations

Branches:
Dungeon (2/15)

Altars:

Shops:
D:2 [


Innate Abilities, Weirdness & Mutations

You cannot wear most types of armour.
You are amphibious.
You can wear up to eight rings at the same time.
Your skin changes colour to match your surroundings (Stealth+).
Your rubbery body absorbs attacks. (AC +1, EV +1)
((You are camouflaged near water. (Stealth+)))
You have tentacles for arms and can constrict up to eight enemies at once.


Message History

Sorry, you're not good enough to have a special ability.
Casting: Sandblast (safe; 3% risk of failure)
Confirm with . or Enter, or press ? or * to list all spells.
Aiming: Sandblast (safe; 3% risk of failure)
Press: ? - help, Shift-Dir - straight line, f/p - Terence
Aim: Terence, wielding a +0 mace and wearing a +0 chain mail (almost dead, constricted by you, 100% to hit)
The blast of sand hits Terence.
You kill Terence!
b - 13 stones Unknown command.
Things that are here:
a +0 mace; a +0 chain mail Key pressed, stopping explore.
You start waiting.
Done waiting.
Things that are here:
a +0 mace; a +0 chain mail
There is a stone staircase leading up here.
You see here a +0 dagger.
There is a stone staircase leading down here.
Key pressed, stopping explore.
A ball python comes into view.
A ball python is nearby!
A ball python is nearby!
A ball python is nearby!
A ball python is nearby!
The helpless ball python fails to defend itself.
You hit the ball python.
You kill the ball python!
You see here a ball python corpse.
An ogre comes into view. It is wielding a +0 giant club.
An ogre is nearby!
An ogre is nearby!
The ogre hits you with a +0 giant club!
An ogre is nearby!
You hit the ogre.
The ogre is lightly wounded.
The ogre hits you with a +0 giant club!!
Ouch! That really hurt!
You die...

#### ..# #O#
#.####@###
#.........#
#..####.#.#######
...#.......########
###########.†......#
#..#####.#
#..#####.#
#.....##.#
##.##.##.#


You could see an ogre.

Vanquished Creatures
  Terence (D:2)
  2 adders (D:2)
  2 worms (D:2)
  2 dart slugs
  5 ball pythons
  3 endoplasms (D:1)
  A giant cockroach (D:1)
  2 goblins (D:1)
  5 hobgoblins
  2 jackals (D:1)
  3 quokkas
  4 bats
  A frilled lizard (D:1)
  3 kobolds
  2 rats (D:1)
38 creatures vanquished.

Notes
Turn   | Place    | Note
-------+----------+-------------------------------------------
     0 | D:1      | Atelerd the Octopode Earth Elementalist began the quest for
                  | the Orb.
     0 | D:1      | Reached XP level 1. HP: 11/11 MP: 3/3
    53 | D:1      | Found a faded altar of an unknown god.
   175 | D:1      | Reached XP level 2. HP: 12/17 MP: 1/5
  1302 | D:1      | Reached XP level 3. HP: 21/21 MP: 4/6
  1601 | D:2      | Found Ucimen's Armour Boutique.
  2259 | D:2      | Reached XP level 4. HP: 26/27 MP: 6/8
  2349 | D:2      | Noticed Terence
  2357 | D:2      | Killed Terence
  2823 | D:2      | Noticed an ogre
  2827 | D:2      | Mangled by an ogre

Illustrated notes

Levels and vault maps discovered:
D:1:      elethiomel_arrival_quiet, layout_basic,
          hellmonk_ecumenical_altar_pennies_from_heaven
D:2:      layout_loops_cross, serial_shops, nicolae_lakefront_shop, uniq_terence

Skill      XL: |  1  2  3 |
---------------+----------+-----
Transmutations | 2 |  2.5
Dodging        | |  2.0
Stealth        | |  2.6
Spellcasting   | |  2.9
Earth Magic    | |  3.9

Action                   |  1- 3 |  4- 6 || total
-------------------------+-------+-------++-------
Melee: Unarmed           |    29 |       ||    29
       Constrict         |    16 |     2 ||    18
       Tentacles         |     5 |     2 ||     7
       Short sword       |    34 |     6 ||    40
Throw: Stone             |     6 |       ||     6
 Cast: Sandblast         |    28 |     3 ||    31
 Stab: Sleeping          |     6 |     2 ||     8
Armor: Skin              |     8 |     1 ||     9
Dodge: Dodged            |    75 |     1 ||    76
